Selects Airborne Battlegroup
Selects Airborne Battlegroup
Selects Heavy Machine Gun Paradrop
Heavy Machine Gun Paradrop
Construct Medical Station
M1918 Browning Automatic Rifles
Selects Paratrooper Squad Paradrop
Paratrooper Squad Paradrop
Selects Anti-tank Gun Team Paradrop
Anti-tank Gun Team Paradrop
M4(105) Sherman Bulldozer
Selects Carpet Bombing Run
Paratrooper Squad Paradrop
M4(105) Sherman Bulldozer
Anti-tank Gun Team Paradrop
Anti-tank Gun Team Paradrop